BUFFALO vs MONTREAL

Created - July 8, 2021 at 09:45

Goals
1 2 3 T
BUFFALO 2 1 0 3
MONTREAL 1 0 1 2
Shots
1 2 3 T
BUFFALO 16 21 8 45
MONTREAL 7 2 7 16

1st period

1. BUFFALO , Brock Nelson 5 (Brad Marchand 6, Roman Josi 5) at 0:10
2. MONTREAL , Keith Yandle 2 (Alex Iafallo 5, Phillip Danault 10) at 7:38
3. BUFFALO , Brad Marchand 4 (Alex Killorn 6, Roman Josi 6) at 10:05

Penalties :
Adam Larsson (MON) for Roughing (Minor) at 0:42, Drew Doughty (BUF) for Hooking (Minor) at 3:20

2nd period

4. BUFFALO , Eric Staal 2 (Charlie Coyle 4, Shea Theodore 4) at 4:23 (PP)

Penalties :
Nino Niederreiter (MON) for Goalie Interference (Minor) at 3:45, Corey Perry (MON) for Roughing (Minor) at 8:05, Nino Niederreiter (MON) for Roughing (Minor) at 16:39

3rd period

5. MONTREAL , Mark Jankowski 1 (Tony DeAngelo 3, Michael Grabner 1) at 3:55

Penalties :
Matt Duchene (BUF) for Roughing (Minor) at 5:33, Vincent Trocheck (MON) for Roughing (Double Minor) at 19:38

Goalie Stats

Tuukka Rask (BUF), 14 saves from 16 shots - (0.875), W, 7-2-0, 60:00 minutes
Robin Lehner (MON), 42 saves from 45 shots - (0.933), L, 5-5-1, 58:57 minutes

Players Stats for BUFFALO

Player Name              G  A  P  +/- PIM S  H  SB GA TA FO     MP     PP MP  PK MP  
------------------------------------------------------------------------------------
Alex Killorn             0  1  1   1  0   0  1  0  0  0  0/0    15:41   0:00   0:00 
Brad Marchand            1  1  2   1  0   9  4  0  0  0  0/1    22:16   3:57   2:38 
Brent Seabrook           0  0  0  -1  0   1  5  1  0  0  0/0    18:00   0:00   1:35 
Brock Nelson             1  0  1   1  0   4  0  0  0  0  8/20   19:39   3:57   0:01 
Carl Hagelin             0  0  0   0  0   1  1  0  0  0  0/0     9:22   0:00   1:19 
Charlie Coyle            0  1  1  -1  0   2  0  0  0  0  0/1    17:24   2:59   0:00 
Drew Doughty             0  0  0   2  2   2  3  1  0  0  0/0    24:25   4:05   1:08 
Dustin Brown             0  0  0   0  0   1  2  0  0  0  0/1    10:58   0:00   0:01 
Eric Staal               1  0  1  -1  0   5  0  0  0  0  8/9    17:24   2:59   0:00 
James van Riemsdyk       0  0  0   0  0   3  0  0  0  0  0/1    13:56   2:59   0:00 
Jason Zucker             0  0  0   0  0   2  0  0  0  0  0/1     8:03   0:00   0:00 
Jordan Staal             0  0  0   0  0   2  1  0  0  0  8/18   14:09   0:34   2:38 
Marc Staal               0  0  0  -1  0   0  1  2  0  0  0/0    15:03   0:00   1:35 
Matt Duchene             0  0  0  -1  2   6  2  0  0  0  15/22  17:47   3:23   0:00 
Matt Grzelcyk            0  0  0  -1  0   1  0  0  0  0  0/0    16:19   2:51   0:00 
Noel Acciari             0  0  0   0  0   0  3  0  0  0  4/5     9:22   0:00   1:19 
Roman Josi               0  2  2   2  0   2  0  2  0  0  0/0    25:41   4:05   2:23 
Shea Theodore            0  1  1  -1  0   4  1  2  0  0  0/0    20:31   2:51   1:15 

Players Stats for MONTREAL

Player Name              G  A  P  +/- PIM S  H  SB GA TA FO     MP     PP MP  PK MP  
------------------------------------------------------------------------------------
Adam Larsson             0  0  0   1  2   0  7  0  0  0  0/0    18:52   0:00   1:40 
Alex Iafallo             0  1  1   0  0   0  0  0  0  0  0/0    17:20   1:38   0:00 
Brock McGinn             0  0  0   0  0   0  1  0  0  0  0/0     9:40   0:00   4:45 
Connor Murphy            0  0  0  -1  0   1  4  7  0  0  0/0    24:15   1:38   4:52 
Corey Perry              0  0  0   0  2   0  0  0  0  0  0/0     4:54   0:00   0:00 
Joel Armia               0  0  0   0  0   0  1  0  0  0  1/2    17:46   0:00   2:04 
Keith Yandle             1  0  1   1  0   2  0  1  0  0  0/0    19:15   1:38   0:24 
Mark Jankowski           1  0  1   1  0   2  0  0  0  0  8/15   13:47   0:00   0:00 
Michael Grabner          0  1  1   1  0   0  0  0  0  0  2/2    16:07   2:20   0:00 
Nathan Beaulieu          0  0  0   0  0   0  2  3  0  0  0/0    16:49   0:00   2:57 
Nathan MacKinnon         0  0  0  -1  0   3  0  0  0  0  10/24  21:00   2:20   0:00 
Nino Niederreiter        0  0  0   1  4   0  2  0  0  0  0/0    15:39   1:38   0:00 
P.K. Subban              0  0  0  -1  0   0  2  3  0  0  0/0    24:20   2:20   3:59 
Phillip Danault          0  1  1   0  0   0  2  1  0  0  10/26  20:59   0:00   4:52 
Roope Hintz              0  0  0  -1  0   3  1  0  0  0  0/0    16:46   2:20   0:00 
Sonny Milano             0  0  0   0  0   0  0  0  0  0  0/0     0:07   0:00   0:07 
Tony DeAngelo            0  1  1   0  0   2  1  2  0  0  0/0    16:28   2:20   0:00 
Vincent Trocheck         0  0  0  -1  4   3  0  0  0  0  5/10   18:55   1:38   2:04 

3 Stars

1 - Brad Marchand (BUF)
2 - Roman Josi (BUF)
3 - Robin Lehner (MON)

Power Play

BUFFALO - 1 on 6 Attempt(s) - 16.67%
MONTREAL - 0 on 2 Attempt(s) - 0.00%

Penalty Kill

BUFFALO - 2 on 2 Attempt(s) - 100.00% - Score 0 goal in Penalty Kill
MONTREAL - 5 on 6 Attempt(s) - 83.33% - Score 0 goal in Penalty Kill

Team Stat

BUFFALO - Hits : 24 - Faceoff Wins : 43 - Blocked Shots : 8 - Penalty Minutes : 4
MONTREAL - Hits : 23 - Faceoff Wins : 36 - Blocked Shots : 17 - Penalty Minutes : 12

Official

Referees : Jean Luc Denicourt and Cole Wreggit
Linesman : Dylan Bierwirth and Brian Mach

Game Notes

No Game Note

Finance

Level 1 -- Attendance: 5986 (99.77%) -- Ticket Income $598,600
Level 2 -- Attendance: 4772 (95.44%) -- Ticket Income $286,320
Level 3 -- Attendance: 2000 (100.00%) -- Ticket Income $70,000
Level 4 -- Attendance: 4000 (100.00%) -- Ticket Income $80,000
Luxury Box -- Attendance: 974 (97.40%) -- Ticket Income $194,800
Game was played at the Bell Centre.
Total Attendance: 17732 (98.51%)
Total Ticket Income: $1,229,720
Total Income: $1,229,720

BUFFALO

5 vs 5 Forward 
   Center                   Left Wing                Right Wing               Time % Phy DF OF 
 1 Brock Nelson             Brad Marchand            Alex Killorn             35     0   0  5  
 2 Matt Duchene             Eric Staal               Charlie Coyle            30     0   1  4  
 3 Jordan Staal             James van Riemsdyk       Dustin Brown             25     1   1  3  
 4 Noel Acciari             Jason Zucker             Carl Hagelin             10     2   3  0  

5 vs 5 Defense 
   Defense                  Defense                                           Time % Phy DF OF 
 1 Roman Josi               Drew Doughty                                      35     1   1  3  
 2 Brent Seabrook           Shea Theodore                                     30     1   1  3  
 3 Matt Grzelcyk            Marc Staal                                        25     1   1  3  
 4 Roman Josi               Drew Doughty                                      10     1   1  3  

PowerPlay Forward 
   Center                   Left Wing                Right Wing               Time % Phy DF OF 
 1 Matt Duchene             Brad Marchand            Brock Nelson             60     0   0  5  
 2 Eric Staal               James van Riemsdyk       Charlie Coyle            40     0   0  5  

PowerPlay Defense
   Defense                  Defense                                           Time % Phy DF OF 
 1 Roman Josi               Drew Doughty                                      60     1   0  4  
 2 Matt Grzelcyk            Shea Theodore                                     40     1   0  4  

Penalty Kill 4 Players Forward 
   Center                   Wing                     Time % Phy DF OF 
 1 Jordan Staal             Brad Marchand            60     2   2  1  
 2 Noel Acciari             Carl Hagelin             40     1   3  1  

Penalty Kill 4 Players Defense
   Defense                  Defense                  Time % Phy DF OF 
 1 Roman Josi               Drew Doughty             60     1   2  2  
 2 Brent Seabrook           Marc Staal               40     1   2  2  

Penalty Kill - 3 Players Forward 
   Forward                                           Time % Phy DF OF 
 1 Jordan Staal                                      60     1   4  0  
 2 Noel Acciari                                      40     1   4  0  

Penalty Kill - 3 Players Defense
   Defense                  Defense                  Time % Phy DF OF 
 1 Roman Josi               Drew Doughty             60     1   2  2  
 2 Brent Seabrook           Marc Staal               40     1   2  2  

4 vs 4 Forward 
   Center                   Wing                     Time % Phy DF OF 
 1 Eric Staal               Brock Nelson             60     1   1  3  
 2 Jordan Staal             Alex Killorn             40     1   1  3  

4 vs 4 Defense
   Defense                  Defense                  Time % Phy DF OF 
 1 Roman Josi               Drew Doughty             60     1   2  2  
 2 Matt Grzelcyk            Shea Theodore            40     1   2  2  

Last Minutes Offensive
   Center                   Left Wing                Right Wing               Defense                  Defense                  
   Matt Duchene             Brad Marchand            Brock Nelson             Roman Josi               Drew Doughty             

Last Minutes Defensive
   Center                   Left Wing                Right Wing               Defense                  Defense                  
   Jordan Staal             Brad Marchand            Brock Nelson             Roman Josi               Drew Doughty             

Goaltenders
Starting : Tuukka Rask              
Backup : Alex Stalock             

Extra Forwards
Normal : Jordan Staal, James van Riemsdyk, Carl Hagelin - PP : Jordan Staal, James van Riemsdyk - PK : Carl Hagelin
Extra Defensemen
Normal : Shea Theodore, Brent Seabrook, Marc Staal - PP : Matt Grzelcyk - PK : Shea Theodore, Matt Grzelcyk
Penalty Shots
Matt Duchene, Brad Marchand, Brock Nelson, James van Riemsdyk, Charlie Coyle

Scratches
David Backes (Healthy), Marco Scandella (Healthy), Nate Thompson (Healthy)

MONTREAL

5 vs 5 Forward 
   Center                   Left Wing                Right Wing               Time % Phy DF OF 
 1 Nathan MacKinnon         Roope Hintz              Vincent Trocheck         34     0   1  4  
 2 Phillip Danault          Alex Iafallo             Joel Armia               33     0   2  3  
 3 Mark Jankowski           Nino Niederreiter        Michael Grabner          24     1   2  2  
 4 Nathan MacKinnon         Brock McGinn             Corey Perry              9      1   1  3  

5 vs 5 Defense 
   Defense                  Defense                                           Time % Phy DF OF 
 1 P.K. Subban              Connor Murphy                                     35     1   2  2  
 2 Keith Yandle             Adam Larsson                                      30     1   2  2  
 3 Tony DeAngelo            Nathan Beaulieu                                   25     1   2  2  
 4 P.K. Subban              Connor Murphy                                     10     1   2  2  

PowerPlay Forward 
   Center                   Left Wing                Right Wing               Time % Phy DF OF 
 1 Nathan MacKinnon         Roope Hintz              Michael Grabner          60     0   1  4  
 2 Vincent Trocheck         Nino Niederreiter        Alex Iafallo             40     0   1  4  

PowerPlay Defense
   Defense                  Defense                                           Time % Phy DF OF 
 1 P.K. Subban              Tony DeAngelo                                     60     0   1  4  
 2 Keith Yandle             Connor Murphy                                     40     0   1  4  

Penalty Kill 4 Players Forward 
   Center                   Wing                     Time % Phy DF OF 
 1 Phillip Danault          Brock McGinn             60     1   3  1  
 2 Vincent Trocheck         Joel Armia               40     1   3  1  

Penalty Kill 4 Players Defense
   Defense                  Defense                  Time % Phy DF OF 
 1 P.K. Subban              Connor Murphy            60     1   3  1  
 2 Adam Larsson             Nathan Beaulieu          40     1   3  1  

Penalty Kill - 3 Players Forward 
   Forward                                           Time % Phy DF OF 
 1 Phillip Danault                                   60     0   4  1  
 2 Vincent Trocheck                                  40     0   4  1  

Penalty Kill - 3 Players Defense
   Defense                  Defense                  Time % Phy DF OF 
 1 P.K. Subban              Connor Murphy            60     0   5  0  
 2 Adam Larsson             Nathan Beaulieu          40     0   5  0  

4 vs 4 Forward 
   Center                   Wing                     Time % Phy DF OF 
 1 Nathan MacKinnon         Alex Iafallo             60     0   1  4  
 2 Vincent Trocheck         Michael Grabner          40     0   2  3  

4 vs 4 Defense
   Defense                  Defense                  Time % Phy DF OF 
 1 P.K. Subban              Tony DeAngelo            60     1   2  2  
 2 Keith Yandle             Connor Murphy            40     1   2  2  

Last Minutes Offensive
   Center                   Left Wing                Right Wing               Defense                  Defense                  
   Nathan MacKinnon         Nino Niederreiter        Vincent Trocheck         Tony DeAngelo            P.K. Subban              

Last Minutes Defensive
   Center                   Left Wing                Right Wing               Defense                  Defense                  
   Phillip Danault          Michael Grabner          Vincent Trocheck         P.K. Subban              Connor Murphy            

Goaltenders
Starting : Robin Lehner             
Backup : Anton Khudobin           

Extra Forwards
Normal : Nathan MacKinnon, Vincent Trocheck, Roope Hintz - PP : Nino Niederreiter, Nathan MacKinnon - PK : Brock McGinn
Extra Defensemen
Normal : Tony DeAngelo, Nathan Beaulieu, Adam Larsson - PP : Tony DeAngelo - PK : Nathan Beaulieu, Adam Larsson
Penalty Shots
Nathan MacKinnon, Joel Armia, Vincent Trocheck, Roope Hintz, Nino Niederreiter

Scratches
Max Pacioretty (Suspend), MTL Cap Hit (Suspend), Jacob de La Rose (Healthy)

% Time on Ice - BUFFALO

Lines # - Real PCT - Wanted PCT - Time Play
Normal Forward
1 - 32% - 35% - 15:41
2 - 29% - 30% - 14:25
3 - 22% - 25% - 10:57
4 - 16% - 10% - 8:03
Normal Defense
1 - 36% - 35% - 17:29
2 - 33% - 30% - 16:25
3 - 27% - 25% - 13:28
4 - 4% - 10% - 1:44
PP Forward
1 - 57% - 60% - 3:57
2 - 43% - 40% - 2:59
PP Defense
1 - 59% - 60% - 4:05
2 - 41% - 40% - 2:51
PK Forward
1 - 67% - 60% - 2:39
2 - 33% - 40% - 1:19
PK Defense
1 - 60% - 60% - 2:23
2 - 40% - 40% - 1:35
PK3 Forward
1 - 0% - 60%
2 - 0% - 40%
PK3 Defense
1 - 0% - 60%
2 - 0% - 40%
44 Forward
1 - 0% - 60%
2 - 0% - 40%
44 Defense
1 - 0% - 60%
2 - 0% - 40%
Last Minute Offensive  - 0:00
Last Minute Defensive  - 0:00
Total
Forward - 60:00
Defense - 60:00

% Time on Ice - MONTREAL

Lines # - Real PCT - Wanted PCT - Time Play
Normal Forward
1 - 30% - 34% - 14:26
2 - 32% - 33% - 15:42
3 - 28% - 24% - 13:47
4 - 10% - 9% - 4:55
Normal Defense
1 - 32% - 35% - 15:48
2 - 35% - 30% - 17:13
3 - 28% - 25% - 13:52
4 - 4% - 10% - 1:57
PP Forward
1 - 59% - 60% - 2:20
2 - 41% - 40% - 1:38
PP Defense
1 - 59% - 60% - 2:20
2 - 41% - 40% - 1:38
PK Forward
1 - 70% - 60% - 4:52
2 - 30% - 40% - 2:04
PK Defense
1 - 57% - 60% - 3:59
2 - 43% - 40% - 2:57
PK3 Forward
1 - 0% - 60%
2 - 0% - 40%
PK3 Defense
1 - 0% - 60%
2 - 0% - 40%
44 Forward
1 - 0% - 60%
2 - 0% - 40%
44 Defense
1 - 0% - 60%
2 - 0% - 40%
Last Minute Offensive  - 0:16
Last Minute Defensive  - 0:00
Total
Forward - 60:00
Defense - 60:00

Play-by-Play

1st period


0:01 of 1st period - Brock Nelson wins face-off versus Vincent Trocheck in neutral zone.
0:10 of 1st period - Shot by Brad Marchand.
0:10 of 1st period - Deflect By Brock Nelson.
0:10 of 1st period - Goal by Brock Nelson - BUFFALO : 1 - MONTREAL : 0.
0:11 of 1st period - Matt Duchene wins face-off versus Phillip Danault in neutral zone.
0:13 of 1st period - Charlie Coyle is hit by Adam Larsson and loses puck.
0:36 of 1st period - Shea Theodore is hit by Adam Larsson and loses puck.
0:42 of 1st period - Minor Penalty to Adam Larsson for Roughing.
0:43 of 1st period - Matt Duchene wins face-off versus Phillip Danault in MONTREAL zone.
0:44 of 1st period - Shot by Drew Doughty.
0:44 of 1st period - Shot Misses the Net.
0:46 of 1st period - Shot by Matt Duchene.
0:46 of 1st period - Stopped by Robin Lehner with a rebound.
0:48 of 1st period - Shot by Brad Marchand.
0:48 of 1st period - Shot Misses the Net.
0:50 of 1st period - Shot by Drew Doughty.
0:50 of 1st period - Shot Misses the Net.
0:52 of 1st period - Shot by Brad Marchand.
0:52 of 1st period - Stopped by Robin Lehner with a rebound.
0:54 of 1st period - Shot by Brad Marchand.
0:54 of 1st period - Shot Hit the Post.
0:56 of 1st period - Shot by Brad Marchand.
0:56 of 1st period - Shot Blocked by Connor Murphy.
1:00 of 1st period - Shot by Roman Josi.
1:00 of 1st period - Shot Hit the Post.
1:22 of 1st period - Shot by Brad Marchand.
1:22 of 1st period - Stopped by Robin Lehner without a rebound.
1:23 of 1st period - Eric Staal wins face-off versus Vincent Trocheck in MONTREAL zone.
1:42 of 1st period - Shot by James van Riemsdyk.
1:42 of 1st period - Deflect By Eric Staal.
1:42 of 1st period - Shot Blocked by Nathan Beaulieu.
1:54 of 1st period - Shot by Shea Theodore.
1:54 of 1st period - Stopped by Robin Lehner with a rebound.
1:56 of 1st period - Shot by Shea Theodore.
1:56 of 1st period - Shot Misses the Net.
1:58 of 1st period - Shot by Matt Grzelcyk.
1:58 of 1st period - Stopped by Robin Lehner without a rebound.
1:59 of 1st period - Vincent Trocheck wins face-off versus Matt Duchene in MONTREAL zone.
2:12 of 1st period - Shot by Roman Josi.
2:12 of 1st period - Shot Blocked by P.K. Subban.
2:14 of 1st period - Shot by Brad Marchand.
2:14 of 1st period - Stopped by Robin Lehner without a rebound.
2:15 of 1st period - Eric Staal wins face-off versus Phillip Danault in MONTREAL zone.
2:22 of 1st period - Shot by Eric Staal.
2:22 of 1st period - Shot Misses the Net.
2:59 of 1st period - Shot by Alex Killorn.
2:59 of 1st period - Shot Misses the Net.
3:01 of 1st period - Shot by Brock Nelson.
3:01 of 1st period - Stopped by Robin Lehner without a rebound.
3:02 of 1st period - Noel Acciari wins face-off versus Nathan MacKinnon in MONTREAL zone.
3:03 of 1st period - Shot by Jason Zucker.
3:03 of 1st period - Shot Misses the Net.
3:11 of 1st period - Shot by Nathan MacKinnon.
3:11 of 1st period - Stopped by Tuukka Rask without a rebound.
3:12 of 1st period - Mark Jankowski wins face-off versus Brock Nelson in BUFFALO zone.
3:15 of 1st period - Shot by Michael Grabner.
3:15 of 1st period - Shot Blocked by Roman Josi.
3:20 of 1st period - Minor Penalty to Drew Doughty for Hooking.
3:21 of 1st period - Jordan Staal wins face-off versus Nathan MacKinnon in BUFFALO zone.
3:46 of 1st period - Shot by Roope Hintz.
3:46 of 1st period - Stopped by Tuukka Rask without a rebound.
3:47 of 1st period - Jordan Staal wins face-off versus Vincent Trocheck in BUFFALO zone.
4:03 of 1st period - Shot by Nino Niederreiter.
4:03 of 1st period - Deflect By Alex Iafallo.
4:03 of 1st period - Shot Misses the Net.
4:49 of 1st period - Shot by Roope Hintz.
4:49 of 1st period - Shot Misses the Net.
5:08 of 1st period - Nathan MacKinnon is hit by Brent Seabrook and loses puck.
5:43 of 1st period - Shot by Roman Josi.
5:43 of 1st period - Stopped by Robin Lehner without a rebound.
5:44 of 1st period - Nathan MacKinnon wins face-off versus Brock Nelson in MONTREAL zone.
6:00 of 1st period - Matt Grzelcyk is hit by Brock McGinn and loses puck.
6:12 of 1st period - Icing by Corey Perry.
6:13 of 1st period - Nathan MacKinnon wins face-off versus Jordan Staal in MONTREAL zone.
6:50 of 1st period - Connor Murphy is hit by Dustin Brown and loses puck.
7:15 of 1st period - Shot by Eric Staal.
7:15 of 1st period - Deflect By Matt Duchene.
7:15 of 1st period - Stopped by Robin Lehner without a rebound.
7:16 of 1st period - Phillip Danault wins face-off versus Brock Nelson in MONTREAL zone.
7:36 of 1st period - Shot by Alex Iafallo.
7:36 of 1st period - Shot Misses the Net.
7:38 of 1st period - Shot by Keith Yandle.
7:38 of 1st period - Goal by Keith Yandle - BUFFALO : 1 - MONTREAL : 1.
7:39 of 1st period - Matt Duchene wins face-off versus Nathan MacKinnon in neutral zone.
7:52 of 1st period - Shot by Eric Staal.
7:52 of 1st period - Shot Blocked by Connor Murphy.
8:14 of 1st period - Shot by Matt Duchene.
8:14 of 1st period - Stopped by Robin Lehner with a rebound.
8:22 of 1st period - Shot by Eric Staal.
8:22 of 1st period - Stopped by Robin Lehner without a rebound.
8:23 of 1st period - Brock Nelson wins face-off versus Phillip Danault in MONTREAL zone.
8:33 of 1st period - Shot by Brad Marchand.
8:33 of 1st period - Stopped by Robin Lehner without a rebound.
8:34 of 1st period - Mark Jankowski wins face-off versus Jordan Staal in MONTREAL zone.
8:34 of 1st period - Mark Jankowski is hit by Jordan Staal.
8:42 of 1st period - Shot by Keith Yandle.
8:42 of 1st period - Stopped by Tuukka Rask with a rebound.
9:04 of 1st period - Shot by James van Riemsdyk.
9:04 of 1st period - Shot Misses the Net.
9:43 of 1st period - Shot by Brad Marchand.
9:43 of 1st period - Shot Misses the Net.
10:05 of 1st period - Shot by Brad Marchand.
10:05 of 1st period - Goal by Brad Marchand - BUFFALO : 2 - MONTREAL : 1.
10:06 of 1st period - Matt Duchene wins face-off versus Nathan MacKinnon in neutral zone.
10:10 of 1st period - Off-side.
10:11 of 1st period - Matt Duchene wins face-off versus Nathan MacKinnon in neutral zone.
10:32 of 1st period - Shot by Nathan MacKinnon.
10:32 of 1st period - Deflect By Vincent Trocheck.
10:32 of 1st period - Shot Hit the Post.
10:34 of 1st period - Shot by Nathan MacKinnon.
10:34 of 1st period - Shot Misses the Net.
10:36 of 1st period - Shot by Vincent Trocheck.
10:36 of 1st period - Shot Misses the Net.
10:46 of 1st period - Shot by Vincent Trocheck.
10:46 of 1st period - Shot Blocked by Brent Seabrook.
10:50 of 1st period - Shot by Nathan MacKinnon.
10:50 of 1st period - Shot Misses the Net.
10:52 of 1st period - Shot by Vincent Trocheck.
10:52 of 1st period - Stopped by Tuukka Rask without a rebound.
10:53 of 1st period - Michael Grabner wins face-off versus Brock Nelson in BUFFALO zone.
11:46 of 1st period - Off-side.
11:47 of 1st period - Phillip Danault wins face-off versus Jordan Staal in neutral zone.
11:54 of 1st period - Icing by Marc Staal.
11:55 of 1st period - Jordan Staal wins face-off versus Nathan MacKinnon in BUFFALO zone.
12:34 of 1st period - Shot by Nathan MacKinnon.
12:34 of 1st period - Stopped by Tuukka Rask without a rebound.
12:35 of 1st period - Phillip Danault wins face-off versus Brock Nelson in BUFFALO zone.
12:55 of 1st period - Phillip Danault is hit by Brent Seabrook and loses puck.
13:02 of 1st period - Shot by Joel Armia.
13:02 of 1st period - Shot Misses the Net.
13:04 of 1st period - Shot by Joel Armia.
13:04 of 1st period - Shot Blocked by Shea Theodore.
13:21 of 1st period - Icing by Shea Theodore.
13:22 of 1st period - Michael Grabner wins face-off versus Brock Nelson in BUFFALO zone.
13:23 of 1st period - Shot by Mark Jankowski.
13:23 of 1st period - Stopped by Tuukka Rask without a rebound.
13:24 of 1st period - Matt Duchene wins face-off versus Nathan MacKinnon in BUFFALO zone.
13:33 of 1st period - Off-side.
13:34 of 1st period - Mark Jankowski wins face-off versus Noel Acciari in neutral zone.
13:36 of 1st period - Nino Niederreiter is hit by Drew Doughty and loses puck.
13:42 of 1st period - Roman Josi is hit by Nino Niederreiter and loses puck.
14:00 of 1st period - Icing by Connor Murphy.
14:01 of 1st period - Mark Jankowski wins face-off versus Matt Duchene in MONTREAL zone.
14:45 of 1st period - Michael Grabner is hit by Brent Seabrook and loses puck.
15:00 of 1st period - Brock Nelson is hit by Nino Niederreiter and loses puck.
16:17 of 1st period - Icing by Joel Armia.
16:18 of 1st period - Jordan Staal wins face-off versus Joel Armia in MONTREAL zone.
16:57 of 1st period - Shot by James van Riemsdyk.
16:57 of 1st period - Stopped by Robin Lehner without a rebound.
16:58 of 1st period - Matt Duchene wins face-off versus Nathan MacKinnon in MONTREAL zone.
17:05 of 1st period - Shot by Eric Staal.
17:05 of 1st period - Stopped by Robin Lehner without a rebound.
17:06 of 1st period - Matt Duchene wins face-off versus Nathan MacKinnon in MONTREAL zone.
18:26 of 1st period - Shot by Noel Acciari.
18:26 of 1st period - Shot Misses the Net.
18:33 of 1st period - Icing by P.K. Subban.
18:34 of 1st period - Phillip Danault wins face-off versus Brock Nelson in MONTREAL zone.
18:39 of 1st period - Shot by Brad Marchand.
18:39 of 1st period - Deflect By Brock Nelson.
18:39 of 1st period - Shot Blocked by Connor Murphy.
Goals for this period are 2 for BUFFALO vs 1 for MONTREAL.
Shots for this period are 16 for BUFFALO vs 7 for MONTREAL.

2nd period


0:01 of 2nd period - Vincent Trocheck wins face-off versus James van Riemsdyk in neutral zone.
0:09 of 2nd period - Drew Doughty is hit by Connor Murphy and loses puck.
0:57 of 2nd period - Matt Duchene is hit by Connor Murphy and loses puck.
1:10 of 2nd period - Shot by Charlie Coyle.
1:10 of 2nd period - Shot Misses the Net.
1:12 of 2nd period - Shot by Shea Theodore.
1:12 of 2nd period - Shot Blocked by Connor Murphy.
1:14 of 2nd period - Shot by Shea Theodore.
1:14 of 2nd period - Stopped by Robin Lehner with a rebound.
1:16 of 2nd period - Shot by Matt Duchene.
1:16 of 2nd period - Stopped by Robin Lehner without a rebound.
1:17 of 2nd period - Phillip Danault wins face-off versus Brock Nelson in MONTREAL zone.
1:17 of 2nd period - Phillip Danault is hit by Brad Marchand.
1:43 of 2nd period - Shot by Brock Nelson.
1:43 of 2nd period - Stopped by Robin Lehner with a rebound.
1:48 of 2nd period - Phillip Danault is hit by Alex Killorn and loses puck.
1:52 of 2nd period - Alex Iafallo is hit by Marc Staal and loses puck.
2:04 of 2nd period - Icing by Marc Staal.
2:05 of 2nd period - Brock Nelson wins face-off versus Mark Jankowski in BUFFALO zone.
2:21 of 2nd period - Off-side.
2:22 of 2nd period - Matt Duchene wins face-off versus Nathan MacKinnon in neutral zone.
2:29 of 2nd period - Shot by Matt Duchene.
2:29 of 2nd period - Shot Blocked by Tony DeAngelo.
2:48 of 2nd period - Nathan MacKinnon is hit by Drew Doughty and loses puck.
3:29 of 2nd period - Shot by Carl Hagelin.
3:29 of 2nd period - Stopped by Robin Lehner without a rebound.
3:30 of 2nd period - Mark Jankowski wins face-off versus Jordan Staal in MONTREAL zone.
3:30 of 2nd period - Mark Jankowski is hit by Dustin Brown.
3:45 of 2nd period - Minor Penalty to Nino Niederreiter for Goalie Interference.
3:46 of 2nd period - Phillip Danault wins face-off versus Matt Duchene in MONTREAL zone.
3:46 of 2nd period - Phillip Danault is hit by Matt Duchene.
4:12 of 2nd period - Shot by Drew Doughty.
4:12 of 2nd period - Stopped by Robin Lehner without a rebound.
4:13 of 2nd period - Eric Staal wins face-off versus Vincent Trocheck in MONTREAL zone.
4:13 of 2nd period - Eric Staal is hit by Adam Larsson.
4:21 of 2nd period - Shot by Charlie Coyle.
4:21 of 2nd period - Shot Blocked by Nathan Beaulieu.
4:23 of 2nd period - Shot by Eric Staal.
4:23 of 2nd period - Goal by Eric Staal - BUFFALO : 3 - MONTREAL : 1.
4:24 of 2nd period - Noel Acciari wins face-off versus Mark Jankowski in neutral zone.
4:27 of 2nd period - Adam Larsson is hit by Carl Hagelin and loses puck.
4:37 of 2nd period - Nino Niederreiter is hit by Noel Acciari and loses puck.
4:58 of 2nd period - Shot by Brent Seabrook.
4:58 of 2nd period - Shot Misses the Net.
5:00 of 2nd period - Shot by Jason Zucker.
5:00 of 2nd period - Deflect By Noel Acciari.
5:00 of 2nd period - Shot Misses the Net.
5:02 of 2nd period - Shot by Shea Theodore.
5:02 of 2nd period - Stopped by Robin Lehner without a rebound.
5:03 of 2nd period - Brock Nelson wins face-off versus Nathan MacKinnon in MONTREAL zone.
5:09 of 2nd period - Brock Nelson is hit by Connor Murphy and loses puck.
5:59 of 2nd period - Vincent Trocheck is hit by Brad Marchand and loses puck.
6:20 of 2nd period - Shot by James van Riemsdyk.
6:20 of 2nd period - Shot Misses the Net.
6:49 of 2nd period - Shot by Joel Armia.
6:49 of 2nd period - Shot Blocked by Marc Staal.
6:51 of 2nd period - Shot by Alex Iafallo.
6:51 of 2nd period - Shot Blocked by Marc Staal.
7:12 of 2nd period - Off-side.
7:13 of 2nd period - Matt Duchene wins face-off versus Mark Jankowski in neutral zone.
8:05 of 2nd period - Minor Penalty to Corey Perry for Roughing.
8:06 of 2nd period - Phillip Danault wins face-off versus Matt Duchene in MONTREAL zone.
8:32 of 2nd period - Shot by Phillip Danault.
8:32 of 2nd period - Shot Blocked by Drew Doughty.
9:24 of 2nd period - Shot by Eric Staal.
9:24 of 2nd period - Stopped by Robin Lehner without a rebound.
9:25 of 2nd period - Eric Staal wins face-off versus Phillip Danault in MONTREAL zone.
9:39 of 2nd period - Icing by Matt Grzelcyk.
9:40 of 2nd period - Phillip Danault wins face-off versus Eric Staal in BUFFALO zone.
9:51 of 2nd period - Shot by Shea Theodore.
9:51 of 2nd period - Stopped by Robin Lehner without a rebound.
9:52 of 2nd period - Phillip Danault wins face-off versus Jordan Staal in MONTREAL zone.
10:10 of 2nd period - Nathan Beaulieu is hit by Brent Seabrook and loses puck.
10:37 of 2nd period - Shot by Jason Zucker.
10:37 of 2nd period - Shot Misses the Net.
10:51 of 2nd period - Shot by Dustin Brown.
10:51 of 2nd period - Stopped by Robin Lehner without a rebound.
10:52 of 2nd period - Brock Nelson wins face-off versus Mark Jankowski in MONTREAL zone.
10:53 of 2nd period - Shot by Brad Marchand.
10:53 of 2nd period - Stopped by Robin Lehner with a rebound.
10:56 of 2nd period - Icing by Connor Murphy.
10:57 of 2nd period - Brock Nelson wins face-off versus Mark Jankowski in MONTREAL zone.
12:01 of 2nd period - Eric Staal is hit by Adam Larsson and loses puck.
12:41 of 2nd period - Off-side.
12:42 of 2nd period - Nathan MacKinnon wins face-off versus Jordan Staal in neutral zone.
12:52 of 2nd period - Vincent Trocheck is hit by Shea Theodore and loses puck.
12:59 of 2nd period - Shot by Nathan MacKinnon.
12:59 of 2nd period - Shot Misses the Net.
13:01 of 2nd period - Shot by Tony DeAngelo.
13:01 of 2nd period - Stopped by Tuukka Rask without a rebound.
13:02 of 2nd period - Mark Jankowski wins face-off versus Jason Zucker in BUFFALO zone.
13:13 of 2nd period - Shot by Jason Zucker.
13:13 of 2nd period - Stopped by Robin Lehner without a rebound.
13:14 of 2nd period - Nathan MacKinnon wins face-off versus Brock Nelson in MONTREAL zone.
13:14 of 2nd period - Nathan MacKinnon is hit by Brad Marchand.
13:31 of 2nd period - Tony DeAngelo is hit by Brent Seabrook and loses puck.
13:36 of 2nd period - Shot by Vincent Trocheck.
13:36 of 2nd period - Stopped by Tuukka Rask without a rebound.
13:37 of 2nd period - Matt Duchene wins face-off versus Phillip Danault in BUFFALO zone.
13:37 of 2nd period - Matt Duchene is hit by Joel Armia.
13:59 of 2nd period - Shot by Eric Staal.
13:59 of 2nd period - Shot Blocked by Connor Murphy.
14:01 of 2nd period - Shot by Eric Staal.
14:01 of 2nd period - Shot Misses the Net.
14:03 of 2nd period - Shot by Eric Staal.
14:03 of 2nd period - Shot Blocked by Phillip Danault.
14:47 of 2nd period - Shot by Brad Marchand.
14:47 of 2nd period - Stopped by Robin Lehner without a rebound.
14:48 of 2nd period - Jordan Staal wins face-off versus Nathan MacKinnon in MONTREAL zone.
14:57 of 2nd period - Shot by Jordan Staal.
14:57 of 2nd period - Stopped by Robin Lehner with a rebound.
15:01 of 2nd period - Shot by James van Riemsdyk.
15:01 of 2nd period - Stopped by Robin Lehner with a rebound.
15:03 of 2nd period - Shot by James van Riemsdyk.
15:03 of 2nd period - Deflect By Jordan Staal.
15:03 of 2nd period - Shot Blocked by Keith Yandle.
15:08 of 2nd period - James van Riemsdyk is hit by Adam Larsson and loses puck.
15:44 of 2nd period - Jordan Staal is hit by Nathan Beaulieu and loses puck.
16:21 of 2nd period - Shot by Brad Marchand.
16:21 of 2nd period - Deflect By Brock Nelson.
16:21 of 2nd period - Shot Misses the Net.
16:39 of 2nd period - Minor Penalty to Nino Niederreiter for Roughing.
16:40 of 2nd period - Eric Staal wins face-off versus Phillip Danault in MONTREAL zone.
16:41 of 2nd period - Shot by James van Riemsdyk.
16:41 of 2nd period - Stopped by Robin Lehner without a rebound.
16:42 of 2nd period - Eric Staal wins face-off versus Phillip Danault in MONTREAL zone.
16:42 of 2nd period - James van Riemsdyk is hit by P.K. Subban and loses puck.
16:53 of 2nd period - Shot by James van Riemsdyk.
16:53 of 2nd period - Shot Blocked by Connor Murphy.
17:26 of 2nd period - Off-side.
17:27 of 2nd period - Matt Duchene wins face-off versus Phillip Danault in neutral zone.
17:34 of 2nd period - Shot by Brad Marchand.
17:34 of 2nd period - Shot Blocked by Nathan Beaulieu.
17:36 of 2nd period - Shot by Roman Josi.
17:36 of 2nd period - Stopped by Robin Lehner without a rebound.
17:37 of 2nd period - Vincent Trocheck wins face-off versus Matt Duchene in MONTREAL zone.
17:50 of 2nd period - Shot by Brad Marchand.
17:50 of 2nd period - Shot Misses the Net.
17:52 of 2nd period - Shot by Drew Doughty.
17:52 of 2nd period - Stopped by Robin Lehner without a rebound.
17:53 of 2nd period - Eric Staal wins face-off versus Vincent Trocheck in MONTREAL zone.
17:53 of 2nd period - Drew Doughty is hit by Adam Larsson and loses puck.
18:14 of 2nd period - Shot by Eric Staal.
18:14 of 2nd period - Stopped by Robin Lehner with a rebound.
18:16 of 2nd period - Shot by Charlie Coyle.
18:16 of 2nd period - Stopped by Robin Lehner without a rebound.
18:17 of 2nd period - Matt Duchene wins face-off versus Phillip Danault in MONTREAL zone.
18:28 of 2nd period - Shot by Brock Nelson.
18:28 of 2nd period - Stopped by Robin Lehner without a rebound.
18:29 of 2nd period - Phillip Danault wins face-off versus Matt Duchene in MONTREAL zone.
18:38 of 2nd period - Connor Murphy is hit by Matt Duchene and loses puck.
18:43 of 2nd period - Shot by Jason Zucker.
18:43 of 2nd period - Shot Misses the Net.
19:03 of 2nd period - Shot by Nathan MacKinnon.
19:03 of 2nd period - Shot Blocked by Roman Josi.
Goals for this period are 1 for BUFFALO vs 0 for MONTREAL.
Shots for this period are 21 for BUFFALO vs 2 for MONTREAL.

3rd period


0:01 of 3rd period - Brock Nelson wins face-off versus Phillip Danault in neutral zone.
0:11 of 3rd period - Shot by Brock Nelson.
0:11 of 3rd period - Deflect By Brad Marchand.
0:11 of 3rd period - Stopped by Robin Lehner with a rebound.
0:18 of 3rd period - Icing by Joel Armia.
0:19 of 3rd period - Matt Duchene wins face-off versus Phillip Danault in MONTREAL zone.
0:23 of 3rd period - Shot by Charlie Coyle.
0:23 of 3rd period - Stopped by Robin Lehner without a rebound.
0:24 of 3rd period - Nathan MacKinnon wins face-off versus Brock Nelson in MONTREAL zone.
0:35 of 3rd period - Shot by Vincent Trocheck.
0:35 of 3rd period - Stopped by Tuukka Rask without a rebound.
0:36 of 3rd period - Eric Staal wins face-off versus Phillip Danault in BUFFALO zone.
0:36 of 3rd period - Eric Staal is hit by Phillip Danault.
0:41 of 3rd period - Brent Seabrook is hit by Connor Murphy and loses puck.
1:04 of 3rd period - Shot by Alex Iafallo.
1:04 of 3rd period - Shot Blocked by Shea Theodore.
1:23 of 3rd period - Icing by Brent Seabrook.
1:24 of 3rd period - Matt Duchene wins face-off versus Nathan MacKinnon in BUFFALO zone.
1:28 of 3rd period - Off-side.
1:29 of 3rd period - Nathan MacKinnon wins face-off versus Brock Nelson in neutral zone.
1:42 of 3rd period - Shot by Nathan MacKinnon.
1:42 of 3rd period - Stopped by Tuukka Rask without a rebound.
1:43 of 3rd period - Jordan Staal wins face-off versus Mark Jankowski in BUFFALO zone.
1:49 of 3rd period - Icing by Marc Staal.
1:50 of 3rd period - Joel Armia wins face-off versus Dustin Brown in BUFFALO zone.
2:11 of 3rd period - Shot by P.K. Subban.
2:11 of 3rd period - Shot Misses the Net.
3:55 of 3rd period - Shot by Mark Jankowski.
3:55 of 3rd period - Goal by Mark Jankowski - BUFFALO : 3 - MONTREAL : 2.
3:56 of 3rd period - Noel Acciari wins face-off versus Phillip Danault in neutral zone.
4:17 of 3rd period - Shot by Carl Hagelin.
4:17 of 3rd period - Shot Blocked by Connor Murphy.
4:19 of 3rd period - Shot by Jason Zucker.
4:19 of 3rd period - Shot Misses the Net.
4:21 of 3rd period - Shot by Marc Staal.
4:21 of 3rd period - Shot Blocked by P.K. Subban.
4:35 of 3rd period - Shot by Jason Zucker.
4:35 of 3rd period - Stopped by Robin Lehner with a rebound.
4:49 of 3rd period - Shot by Jordan Staal.
4:49 of 3rd period - Deflect By James van Riemsdyk.
4:49 of 3rd period - Shot Misses the Net.
4:51 of 3rd period - Shot by Jordan Staal.
4:51 of 3rd period - Stopped by Robin Lehner without a rebound.
4:52 of 3rd period - Mark Jankowski wins face-off versus Brock Nelson in MONTREAL zone.
5:20 of 3rd period - Shot by Brad Marchand.
5:20 of 3rd period - Stopped by Robin Lehner without a rebound.
5:21 of 3rd period - Nathan MacKinnon wins face-off versus Matt Duchene in MONTREAL zone.
5:33 of 3rd period - Minor Penalty to Matt Duchene for Roughing.
5:34 of 3rd period - Nathan MacKinnon wins face-off versus Jordan Staal in BUFFALO zone.
5:39 of 3rd period - Shot by Roope Hintz.
5:39 of 3rd period - Stopped by Tuukka Rask without a rebound.
5:40 of 3rd period - Nathan MacKinnon wins face-off versus Jordan Staal in BUFFALO zone.
5:56 of 3rd period - Shot by Tony DeAngelo.
5:56 of 3rd period - Stopped by Tuukka Rask without a rebound.
5:57 of 3rd period - Vincent Trocheck wins face-off versus Jordan Staal in BUFFALO zone.
6:24 of 3rd period - Shot by Connor Murphy.
6:24 of 3rd period - Stopped by Tuukka Rask without a rebound.
6:25 of 3rd period - Nathan MacKinnon wins face-off versus Jordan Staal in BUFFALO zone.
6:26 of 3rd period - Shot by Roope Hintz.
6:26 of 3rd period - Stopped by Tuukka Rask without a rebound.
6:27 of 3rd period - Jordan Staal wins face-off versus Nathan MacKinnon in BUFFALO zone.
6:27 of 3rd period - Jordan Staal is hit by Roope Hintz.
8:21 of 3rd period - Carl Hagelin is hit by Phillip Danault.
9:15 of 3rd period - Shot by Brad Marchand.
9:15 of 3rd period - Deflect By Alex Killorn.
9:15 of 3rd period - Shot Blocked by P.K. Subban.
9:21 of 3rd period - Shot by Brock Nelson.
9:21 of 3rd period - Shot Misses the Net.
9:47 of 3rd period - Icing by Roman Josi.
9:48 of 3rd period - Mark Jankowski wins face-off versus Brad Marchand in BUFFALO zone.
9:54 of 3rd period - Drew Doughty is hit by Nathan Beaulieu and loses puck.
9:59 of 3rd period - Shot by Brad Marchand.
9:59 of 3rd period - Shot Misses the Net.
10:17 of 3rd period - Shot by Dustin Brown.
10:17 of 3rd period - Shot Misses the Net.
10:19 of 3rd period - Shot by Brent Seabrook.
10:19 of 3rd period - Stopped by Robin Lehner without a rebound.
10:20 of 3rd period - Vincent Trocheck wins face-off versus Charlie Coyle in MONTREAL zone.
12:14 of 3rd period - Tony DeAngelo is hit by Brad Marchand and loses puck.
13:03 of 3rd period - Phillip Danault is hit by Drew Doughty.
14:27 of 3rd period - Adam Larsson is hit by Noel Acciari and loses puck.
16:00 of 3rd period - Shot by Matt Duchene.
16:00 of 3rd period - Shot Misses the Net.
16:12 of 3rd period - Shot by Eric Staal.
16:12 of 3rd period - Shot Blocked by Tony DeAngelo.
16:18 of 3rd period - Shot by Matt Duchene.
16:18 of 3rd period - Stopped by Robin Lehner without a rebound.
16:19 of 3rd period - Brock Nelson wins face-off versus Phillip Danault in MONTREAL zone.
16:29 of 3rd period - Roman Josi is hit by Adam Larsson and loses puck.
17:15 of 3rd period - Shot by Matt Duchene.
17:15 of 3rd period - Stopped by Robin Lehner without a rebound.
17:16 of 3rd period - Noel Acciari wins face-off versus Mark Jankowski in MONTREAL zone.
17:21 of 3rd period - Shot by Carl Hagelin.
17:21 of 3rd period - Shot Misses the Net.
17:40 of 3rd period - Shot by Brent Seabrook.
17:40 of 3rd period - Shot Misses the Net.
17:47 of 3rd period - Connor Murphy is hit by Noel Acciari and loses puck.
18:36 of 3rd period - MONTREAL, Robin Lehner is pulled from the net.
19:34 of 3rd period - Roman Josi is hit by Tony DeAngelo and loses puck.
19:38 of 3rd period - Double Minor Penalty to Vincent Trocheck for Roughing.
19:39 of 3rd period - Robin Lehner from MONTREAL was sent back in the game.
19:39 of 3rd period - Jordan Staal wins face-off versus Phillip Danault in MONTREAL zone.
19:39 of 3rd period - Brad Marchand is hit by P.K. Subban and loses puck.
Goals for this period are 0 for BUFFALO vs 1 for MONTREAL.
Shots for this period are 8 for BUFFALO vs 7 for MONTREAL.